 Dungeon Crawl Stone Soup version 0.23-a0-612-gcb482e9 (webtiles) character file.

123 Borgoz the Skirmisher (level 5, -8/46 HPs)
             Began as a Ghoul Abyssal Knight on Dec 21, 2018.
             Was a Follower of Lugonu.
             Mangled by a centaur (9 damage)
             ... on level 5 of the Dungeon.
             The game lasted 00:03:18 (2094 turns).

Borgoz the Skirmisher (Ghoul Abyssal Knight)        Turns: 2094, Time: 00:03:18

Health: -8/46      AC:  3    Str: 16    XL:     5   Next: 7%
Magic:  6/6        EV: 12    Int:  7    God:    Lugonu [*.....]
Gold:   71         SH:  0    Dex:  9    Spells: 4/4 levels left

rFire    . . .     SeeInvis .     - Unarmed
rCold    + . .     Gourm    .   (no shield)
rNeg     + + +     Faith    .   a - +0 leather armour
rPois    ∞         Spirit   .   (no helmet)
rElec    .         Reflect  .   (no cloak)
rCorr    .         Harm     .   (no gloves)
MR       .....                  (no boots)
Stlth    +.........             (no amulet)
HPRegen  0.00/turn              (no ring)
MPRegen  0.10/turn              (no ring)

@: rotting
A: rotting body, claws 1, carnivore, cold resistance 1, negative energy
resistance 3, inhibited regeneration, torment resistance, unbreathing
a: Depart the Abyss, Renounce Religion


You were on level 5 of the Dungeon.
You worshipped Lugonu.
Lugonu was aware of your devotion.
You were not hungry.

You visited 1 branch of the dungeon, and saw 5 of its levels.
You visited the Abyss 1 time.

You collected 71 gold pieces.

Inventory:

Armour
 a - a +0 leather armour (worn)
Jewellery
 e - a +3 ring of dexterity {unknown}
Wands
 n - a wand of flame (16)
Scrolls
 c - 3 scrolls of remove curse
 f - a scroll of fog {unknown}
 h - a scroll of identify
 i - a scroll of noise {unknown}
 k - a scroll of immolation {unknown}
 m - a scroll of amnesia {unknown}
Comestibles
 b - a ration
 j - 9 chunks of flesh


   Skills:
 + Level 4.0 Fighting
 + Level 2.5 Armour
 + Level 1.9 Dodging
 + Level 3.1 Unarmed Combat
 + Level 3.0 Invocations


You had 4 spell levels left.
You didn't know any spells.
Your spell library was empty.

Dungeon Overview and Level Annotations

Branches:
Dungeon (5/15)
 Temple: D:4-7

Altars:
Elyvilon
Fedhas

Annotations:
D:4 Dowan, Duvessa


Innate Abilities, Weirdness & Mutations

Your body is rotting away.
You thrive on raw meat.
You are immune to poison.
You have sharp fingernails.
You are carnivorous and can eat meat at any time.
Your flesh is cold resistant. (rC+)
You are immune to negative energy. (rN+++)
You do not regenerate when monsters are visible.
You are immune to unholy pain and torment.
You can survive without breathing.


Message History

It was a potion of cancellation.
Your magical effects are unravelling.
You feel magically purged.
You feel yourself slow down.
The centaur unwields a +0 shortbow.
The centaur hits you.
You closely miss the centaur. The centaur closely misses you.
You scratch the centaur but do no damage.
The centaur hits you!
* * * LOW HITPOINT WARNING * * *
The hound zombie bites you.
* * * LOW HITPOINT WARNING * * *
You closely miss the centaur. The centaur closely misses you.
The hound zombie bites you but does no damage.
The centaur hits you.
* * * LOW HITPOINT WARNING * * *
The hound zombie barely misses you.
You scratch the centaur.
The centaur is moderately wounded.
The centaur hits you!
You die...

.......!#
........#
........#
..Z.....#
........#
.....<..#
#c..$##
#.##Z<#
#.c@..#
####...#
##..#
##...
.....
#....
.#.# .#


You could see a centaur and a hound zombie.

Vanquished Creatures
  A centaur skeleton (D:2)
  Terence (D:2)
  2 adders (D:3)
  An ooze (D:1)
  2 worms
  A leopard gecko (D:1)
  An orc (D:3)
  A ball python (D:2)
  5 giant cockroaches
  5 hobgoblins
  A quokka (D:2)
  9 bats
  3 frilled lizards (D:1)
  A goblin (D:3)
  7 kobolds
  2 rats
43 creatures vanquished.

Notes
Turn   | Place    | Note
-------+----------+-------------------------------------------
     0 | Abyss:1  | Borgoz the Ghoul Abyssal Knight began the quest for the
                  | Orb.
     0 | Abyss:1  | Reached XP level 1. HP: 19/19 MP: 1/1
    57 | Abyss:1  | Noticed a red devil
    58 | D:1      | Escaped the Abyss
    69 | D:1      | Reached skill level 1 in Dodging
   112 | D:1      | Reached XP level 2. HP: 16/25 MP: 2/2
   235 | D:1      | Reached * piety under Lugonu
   586 | D:1      | Reached XP level 3. HP: 29/31 MP: 3/3
  1032 | D:2      | Noticed Terence
  1059 | D:2      | Killed Terence
  1059 | D:2      | Reached XP level 4. HP: 28/39 MP: 4/4
  1951 | D:3      | Reached skill level 4 in Fighting
  2035 | D:3      | Reached XP level 5. HP: 32/46 MP: 6/6
  2059 | D:3      | You fall through a shaft!
  2059 | D:4      | Found a blossoming altar of Fedhas.
  2059 | D:4      | Noticed a centaur
  2069 | D:4      | Noticed Duvessa
  2070 | D:4      | Noticed Dowan
  2072 | D:4      | Found a white marble altar of Elyvilon.
  2085 | D:5      | Entered Level 5 of the Dungeon
  2085 | D:5      | Noticed a centaur
  2093 | D:5      | HP: 1/46 [centaur (4)]
  2094 | D:5      | Mangled by a centaur

Vault maps used:
D:1:      evilmike_arrival_run_for_it
D:2:      serial_glass, glass_columns_a, glass_columns_c, glass_columns_a,
          glass_columns_b, uniq_terence
D:3:      grunt_ministairs_7, nicolae_ru_great_annihilating_truth
D:4:      lemuel_doored_altar, fedhas_bush_and_centaur_altar, uniq_duvessa
D:5:      minmay_temple_entry_tees, gup_sewer_entry_pipe, first_ration,
          feat_on_display, uniq_pikel

Skill      XL: |  1  2  3  4 |
---------------+-------------+-----
Dodging        | 1 |  1.9
Armour         | 2 |  2.5
Unarmed Combat | 3 |  3.1
Fighting       | 4 |  4.0
Invocations    | 3 |  3.0

Action                   |  1- 3 |  4- 6 || total
-------------------------+-------+-------++-------
Melee: Unarmed           |   117 |    88 ||   205
       Punch             |     1 |     2 ||     3
Invok: Depart the Abyss  |     1 |       ||     1
  Use: Scroll            |       |     3 ||     3
       Potion            |       |     2 ||     2
  Eat: Chunk             |     5 |     4 ||     9
Armor: Leather armour    |    42 |    18 ||    60
Dodge: Dodged            |    81 |    57 ||   138

Table legend:
 A = Non-vault XP
 B = Vault XP
 C = Vault XP percentage of total XP
 D = Non-vault monster count
 E = Vault monster count
 F = Vault count percentage of total count
                 A         B        C        D         E       F
            +---------+---------+-------+---------+---------+-------
      Total |     133 |      43 |  24.4 |      39 |       4 |   9.3
            +---------+---------+-------+---------+---------+-------
        D:1 |      31 |       4 |  11.4 |      17 |       1 |   5.6
        D:2 |      66 |      36 |  35.3 |      15 |       1 |   6.2
        D:3 |      36 |       3 |   7.7 |       7 |       2 |  22.2
            +---------+---------+-------+---------+---------+-------
